[Event "Titled Tuesday Blitz April 11 Early 2023"]
[White "Bluebaum, Matthias"]
[Black "Danielyan, Vahe"]
[WhiteFideId "24651516"]
[BlackFideId "13304828"]
[WhiteElo "2638"]
[BlackElo "2423"]
[Result "1-0"]
[Round "02"]
[TimeControl "180+2"]
[Date "2023.04.11"]
[WhiteClock "0:01:01"]
[BlackClock "0:00:02"]

1. d4 Nf6 2. c4 e6 3. Nc3 Bb4 4. e3 O-O 5. Bd2 d5 6. Nf3 c5 7. a3 Bxc3 8. Bxc3 Ne4 9. Rc1 Nxc3 10. Rxc3 cxd4 11. Nxd4 Nc6 12. cxd5 Nxd4 13. Qxd4 exd5 14. Be2 Be6 15. O-O a6 16. Bf3 Qd7 17. Rfc1 Rac8 18. h3 h6 19. Kh2 Rxc3 20. Rxc3 Rd8 21. Qb6 Rc8 22. Rd3 Rc2 23. e4 Rc6 24. Qd4 Qc7+ 25. g3 dxe4 26. Qd8+ Qxd8 27. Rxd8+ Kh7 28. Bxe4+ g6 29. Bxc6 bxc6 30. Ra8 Bc4 31. Rb8 Bb5 32. Rb6 c5 33. b3 c4 34. bxc4 Bxc4 35. Kg2 Kg7 36. Kf3 Bf1 37. h4 h5 38. Kf4 Bb5 39. Ke5 Bd3 40. Kd4 Bf1 41. a4 Be2 42. Kc5 Bf1 43. Rd6 f5 44. Kd4 Kf7 45. Ke5 Kg7 46. Kf4 Be2 47. Kg5 f4 48. Rxg6+ Kf7 49. Rf6+ 1-0


[Site "https://www.chess.com"]

[Event "Titled Tuesday Blitz April 11 Early 2023"]
[White "Bodnaruk, Anastasia"]
[Black "Sadhwani, Raunak"]
[WhiteFideId "4181751"]
[BlackFideId "35093487"]
[WhiteElo "2310"]
[BlackElo "2631"]
[Result "0-1"]
[Round "02"]
[TimeControl "180+2"]
[Date "2023.04.11"]
[WhiteClock "0:00:07"]
[BlackClock "0:00:46"]

1. e4 g6 2. d4 Bg7 3. Nc3 d6 4. Be3 c6 5. Qd2 b5 6. f4 Nf6 7. Bd3 Ng4 8. Nf3 Nxe3 9. Qxe3 b4 10. Ne2 O-O 11. e5 Nd7 12. O-O Nb6 13. c4 bxc3 14. Nxc3 Rb8 15. Rad1 Qc7 16. Ng5 h6 17. Nf3 c5 18. d5 c4 19. Bc2 Nd7 20. e6 Qc5 21. Nd4 Nf6 22. exf7+ Kxf7 23. Qg3 Ng4 24. Ne2 Rxb2 25. f5 Rxc2 26. Qxg4 Rxe2 27. fxg6+ Kg8 28. Rxf8+ Kxf8 29. Qxe2 Bxd4+ 30. Kh1 Bf6 31. Qe4 Kg7 32. Rc1 c3 33. h4 Bb7 34. h5 Bxd5 35. Qe2 Bc4 36. Qf3 Bd5 37. Qe2 Qd4 38. Rd1 Qh4+ 39. Kg1 Bd4+ 0-1


[Site "https://www.chess.com"]

[Event "Titled Tuesday Blitz April 11 Early 2023"]
[White "Firouzja, Alireza"]
[Black "Kalashian, David"]
[WhiteFideId "12573981"]
[BlackFideId "13302418"]
[WhiteElo "2904"]
[BlackElo "2490"]
[Result "1-0"]
[Round "02"]
[TimeControl "180+2"]
[Date "2023.04.11"]
[WhiteClock "0:00:06"]
[BlackClock "0:00:08"]

1. e4 c6 2. Nc3 g6 3. d4 Bg7 4. f4 d5 5. e5 h5 6. h3 Nh6 7. Be3 Nf5 8. Bf2 h4 9. Nf3 e6 10. Bd3 b6 11. Qe2 a5 12. Nd1 Ba6 13. Ne3 Bxd3 14. Qxd3 Nd7 15. O-O Bf8 16. Rac1 b5 17. a4 bxa4 18. c4 Nxe3 19. Qxe3 Nb6 20. cxd5 Nxd5 21. Qe4 Rc8 22. Rc4 Be7 23. Rxa4 O-O 24. Rc4 Kg7 25. Rfc1 Qb6 26. R4c2 Rh8 27. Nd2 Rh5 28. Nc4 Qb4 29. Be1 Qb5 30. Nd6 Bxd6 31. exd6 Rd8 32. Rxc6 Qxb2 33. Rb1 Qa2 34. Rb7 Rf5 35. Bxh4 Nxf4 36. Bxd8 Nxh3+ 37. Kh2 Nf2 38. Qh4 Rh5 39. Bf6+ Kh6 40. Bg5+ Kg7 41. Rxf7+ Kxf7 42. Rc7+ Kg8 43. d7 Rxh4+ 44. Bxh4 Ng4+ 45. Kh3 Nf2+ 46. Bxf2 Qd5 47. Rc8+ Kf7 48. d8=Q Qf5+ 49. Kh2 Qh5+ 50. Qh4 Qd1 51. Rc7+ 1-0


[Site "https://www.chess.com"]

[Event "Titled Tuesday Blitz April 11 Early 2023"]
[White "Skvortsov, Andrei"]
[Black "Svane, Rasmus"]
[WhiteFideId "24108600"]
[BlackFideId "4657101"]
[WhiteElo "2259"]
[BlackElo "2597"]
[Result "1/2-1/2"]
[Round "02"]
[TimeControl "180+2"]
[Date "2023.04.11"]
[WhiteClock "0:00:16"]
[BlackClock "0:00:07"]

1. e4 c6 2. d4 d5 3. e5 Bf5 4. c4 e6 5. Nc3 Ne7 6. a3 Nd7 7. cxd5 Nxd5 8. Bd3 Nxc3 9. bxc3 Bxd3 10. Qxd3 Nxe5 11. Qb1 Nd7 12. Qxb7 Qc8 13. Qxc8+ Rxc8 14. Rb1 Nb6 15. Ke2 c5 16. Nf3 Be7 17. Kd3 O-O 18. Rb5 cxd4 19. cxd4 Nd5 20. Bd2 Bxa3 21. Ra1 Bd6 22. Rxa7 h6 23. h4 Rb8 24. Rab7 Rxb7 25. Rxb7 Ra8 26. Rb3 Be7 27. g3 Bf6 28. Ne5 Bxe5 29. dxe5 Ra7 30. h5 Rd7 31. Ke2 Ne7 32. Rd3 Rb7 33. f4 Nd5 34. Kf3 Kf8 35. Ra3 Rb8 36. Be3 Kg8 37. g4 Rb7 38. Bd2 Rd7 39. Be3 Nb4 40. Rb3 Nd5 41. Ra3 Kh7 42. Rb3 Rc7 43. Ra3 Rb7 44. Bd2 g6 45. hxg6+ Kxg6 46. Ke4 Rb2 47. f5+ Kg7 48. Rd3 Ra2 49. Kf3 Ra1 50. Kg3 Kh7 51. Kf2 Rd1 52. Ke2 Rg1 53. Rh3 Rg2+ 54. Kd3 Kg7 55. Bxh6+ Kg8 56. fxe6 fxe6 57. Rh4 Kf7 58. Bd2 Kg6 59. Rh6+ Kf7 60. g5 Rg4 61. Ke2 Rg3 62. Kf2 Rd3 63. Ke2 Rg3 64. Kf2 Rd3 65. Bc1 Rc3 66. Bd2 Rd3 1/2-1/2


[Site "https://www.chess.com"]

[Event "Titled Tuesday Blitz April 11 Early 2023"]
[White "Vidit, Santosh Gujrathi"]
[Black "Vaibhav Jayant Raut"]
[WhiteFideId "5029465"]
[BlackFideId "5089034"]
[WhiteElo "2651"]
[BlackElo "2156"]
[Result "1-0"]
[Round "02"]
[TimeControl "180+2"]
[Date "2023.04.11"]
[WhiteClock "0:00:30"]
[BlackClock "0:00:02"]

1. e4 c5 2. Nf3 Nc6 3. Bb5 g6 4. O-O Bg7 5. Re1 Nf6 6. c3 O-O 7. d4 cxd4 8. cxd4 d5 9. e5 Ne4 10. Nc3 Nxc3 11. bxc3 Na5 12. Bd3 Bd7 13. Bf4 Rc8 14. Rc1 Nc4 15. Qe2 Qa5 16. Ng5 e6 17. h4 h6 18. Nh3 Qd8 19. Qg4 f5 20. exf6 Qxf6 21. Bxg6 Rcd8 22. Qg3 e5 23. dxe5 Qb6 24. e6 Bxe6 25. Bc7 Qc6 26. Bxd8 Rxd8 27. Nf4 Bf7 28. Re7 Bxg6 29. Nxg6 Qf6 30. Rce1 Nd6 31. R7e6 1-0


[Site "https://www.chess.com"]

[Event "Titled Tuesday Blitz April 11 Early 2023"]
[White "Annaberdiyev, Meylis"]
[Black "Tabatabaei, M. Amin"]
[WhiteFideId "14000563"]
[BlackFideId "12521213"]
[WhiteElo "2416"]
[BlackElo "2575"]
[Result "1-0"]
[Round "02"]
[TimeControl "180+2"]
[Date "2023.04.11"]
[WhiteClock "0:00:43"]
[BlackClock "0:00:45"]

1. e4 c6 2. d4 d5 3. e5 Bf5 4. h4 h6 5. g4 Be4 6. f3 Bh7 7. e6 Qd6 8. exf7+ Kxf7 9. f4 Nf6 10. Bd3 Bxd3 11. cxd3 Qe6+ 12. Qe2 Qxe2+ 13. Kxe2 Nxg4 14. Nf3 Nd7 15. Rg1 h5 16. Ng5+ Kg8 17. f5 Re8 18. Ne6 Nh6 19. Bxh6 Rxh6 20. Rg6 Kf7 21. Ng5+ Kg8 22. Ne6 Nf6 23. Nd2 Ng4 24. Nf3 Rc8 25. Rc1 Kf7 26. Nfg5+ Ke8 27. b4 Kd7 28. Rxh6 gxh6 29. Nh7 Bg7 30. Nxg7 Rh8 31. Ne6 Ke8 32. Nhf8 Rxf8 33. Nxf8 Kxf8 34. b5 cxb5 35. Rc7 1-0


[Site "https://www.chess.com"]

[Event "Titled Tuesday Blitz April 11 Early 2023"]
[White "Sarana, Alexey"]
[Black "Veiga, Jose Francisco R P Neves"]
[WhiteFideId "24133795"]
[BlackFideId "1930087"]
[WhiteElo "2714"]
[BlackElo "2320"]
[Result "1-0"]
[Round "02"]
[TimeControl "180+2"]
[Date "2023.04.11"]
[WhiteClock "0:01:16"]
[BlackClock "0:00:10"]

1. d4 Nf6 2. c4 g6 3. Nc3 d5 4. Nf3 Bg7 5. h4 c6 6. cxd5 cxd5 7. Bf4 Nc6 8. e3 O-O 9. Be2 Bg4 10. Qb3 Qb6 11. Qxb6 axb6 12. Nd2 Bxe2 13. Kxe2 Rfc8 14. Rhc1 e6 15. b3 Bf8 16. Na4 Ra6 17. Kd1 Nd7 18. Nb2 Ba3 19. Rc2 Rca8 20. Nd3 b5 21. Nf3 f6 22. g4 Nb4 23. Nxb4 Bxb4 24. g5 Rc6 25. gxf6 Rxc2 26. f7+ Kxf7 27. Kxc2 Nf6 28. Ng5+ Ke7 29. Be5 Rc8+ 30. Kd1 h6 31. Bxf6+ Kxf6 32. Nf3 Kf5 33. a3 Bd6 34. a4 Ke4 35. Ke2 Bb4 36. Ra2 bxa4 37. bxa4 Rc1 38. Rb2 Bc3 39. Nd2+ Bxd2 40. Kxd2 Rh1 41. Ke2 Rxh4 42. Rxb7 Rh2 43. Rf7 g5 44. Rf6 e5 45. Re6 Kf5 46. Rxe5+ Kg4 47. Rxd5 h5 48. a5 h4 49. a6 Rh1 50. Ra5 h3 51. a7 Rh2 52. a8=Q 1-0


[Site "https://www.chess.com"]

[Event "Titled Tuesday Blitz April 11 Early 2023"]
[White "Zarubitski, Viachaslau"]
[Black "Korobov, Anton"]
[WhiteFideId "13509373"]
[BlackFideId "14105730"]
[WhiteElo "2284"]
[BlackElo "2638"]
[Result "0-1"]
[Round "02"]
[TimeControl "180+2"]
[Date "2023.04.11"]
[WhiteClock "0:00:08"]
[BlackClock "0:00:48"]

1. e4 c5 2. Nf3 d6 3. d4 cxd4 4. Nxd4 Nf6 5. Nc3 a6 6. h3 Nc6 7. Be3 e5 8. Nb3 Be6 9. Qf3 Be7 10. O-O-O O-O 11. g4 a5 12. Bb5 Na7 13. Be2 Nc6 14. Bb5 Na7 15. Be2 b5 16. Nxb5 Nxb5 17. Bxb5 Qc7 18. g5 Rfc8 19. c3 Nd7 20. Na1 Bxa2 21. Ba4 Rab8 22. Rd2 Be6 23. h4 Nb6 24. Bxb6 Qxb6 25. Rhd1 g6 26. Qe2 Rxc3+ 27. Rc2 Rxc2+ 28. Qxc2 Rc8 0-1


[Site "https://www.chess.com"]

[Event "Titled Tuesday Blitz April 11 Early 2023"]
[White "Oparin, Grigoriy"]
[Black "Domingo Nunez, Ruben"]
[WhiteFideId "24125890"]
[BlackFideId "22245570"]
[WhiteElo "2647"]
[BlackElo "2404"]
[Result "1-0"]
[Round "02"]
[TimeControl "180+2"]
[Date "2023.04.11"]
[WhiteClock "0:01:24"]
[BlackClock "0:00:02"]

1. e4 Nf6 2. e5 Nd5 3. d4 d6 4. Nf3 c6 5. Be2 Bf5 6. O-O e6 7. c4 Nc7 8. Nc3 dxe5 9. dxe5 Qxd1 10. Rxd1 Bb4 11. Bd2 Be7 12. a3 Nd7 13. h3 Nc5 14. Nd4 Bg6 15. b4 Ne4 16. Nxe4 Bxe4 17. Bc3 O-O 18. Rd2 Rfd8 19. Rad1 Bg5 20. Rb2 c5 21. bxc5 Na6 22. h4 Bxh4 23. f3 Bg6 24. c6 bxc6 25. Nxc6 Rdc8 26. Na5 Nc5 27. Bd4 Na4 28. Rb4 Nb6 29. Nb7 Nd7 30. Nd6 Rd8 31. c5 Nb8 32. Bb5 a6 33. Ba4 a5 34. Rb7 Na6 35. c6 Rf8 36. c7 f6 37. Rc1 fxe5 38. Bxe5 Bg5 39. c8=Q Bxc1 40. Rxg7+ Kh8 41. Rxg6# 1-0


[Site "https://www.chess.com"]

[Event "Titled Tuesday Blitz April 11 Early 2023"]
[White "Piesik, Piotr"]
[Black "Kramnik, Vladimir"]
[WhiteFideId "1136194"]
[BlackFideId "4101588"]
[WhiteElo "2299"]
[BlackElo "2712"]
[Result "0-1"]
[Round "02"]
[TimeControl "180+2"]
[Date "2023.04.11"]
[WhiteClock "0:00:04"]
[BlackClock "0:00:13"]

1. Nf3 Nf6 2. g3 b5 3. Bg2 Bb7 4. O-O e6 5. d3 c5 6. e4 d6 7. a4 b4 8. Nbd2 Be7 9. a5 O-O 10. Nb3 Qc7 11. Nfd2 Na6 12. f4 d5 13. e5 Nd7 14. c4 bxc3 15. bxc3 Rab8 16. Ba3 Rfe8 17. c4 dxc4 18. dxc4 Bxg2 19. Kxg2 Red8 20. Qf3 Nb4 21. Ne4 Nc2 22. Ra2 Nxa3 23. Rxa3 Nf8 24. a6 Rb4 25. Na5 Qb6 26. Nc6 Rd7 27. Nxb4 cxb4 28. Rd3 Qxa6 29. Rxd7 Nxd7 30. Rd1 Nf8 31. c5 b3 32. c6 b2 33. Kh3 Qc4 34. Nd2 Qc1 35. Nb1 h5 36. Qh1 Qc2 37. Qe1 a5 38. Qd2 Qxc6 39. Qxb2 a4 40. Qc3 Qe4 41. Qd3 Qb4 42. Nc3 a3 43. Rb1 Qc5 44. Rb7 Ng6 0-1


[Site "https://www.chess.com"]

[Event "Titled Tuesday Blitz April 11 Early 2023"]
[White "Arabidze, Meri"]
[Black "Martinez Alcantara, Jose Eduardo"]
[WhiteFideId "13604040"]
[BlackFideId "3805662"]
[WhiteElo "2405"]
[BlackElo "2711"]
[Result "0-1"]
[Round "02"]
[TimeControl "180+2"]
[Date "2023.04.11"]
[WhiteClock "0:00:11"]
[BlackClock "0:01:18"]

1. Nf3 g6 2. g3 Bg7 3. Bg2 c6 4. O-O Nf6 5. b3 O-O 6. Bb2 d5 7. c4 Bg4 8. d3 Bxf3 9. Bxf3 Nbd7 10. Bg2 a5 11. Nc3 e6 12. Rc1 Qe7 13. Rc2 Rfd8 14. Qa1 d4 15. Nb1 e5 16. Nd2 h5 17. a3 h4 18. Qc1 Bh6 19. Qb1 hxg3 20. hxg3 Kg7 21. Nf3 Ng4 22. Bc1 Rh8 23. b4 Ndf6 24. bxa5 Rxa5 25. Qb4 Qxb4 26. axb4 Ra4 27. Bxh6+ Kxh6 28. Rb1 Rha8 29. Rcb2 Ra1 30. b5 R8a2 31. bxc6 bxc6 32. Kf1 c5 33. Bh3 Kg7 34. Rxa1 Rxa1+ 35. Kg2 Ra7 36. Bxg4 Nxg4 37. Nh2 Nf6 38. Nf3 e4 39. Ne5 Re7 40. Nc6 Re6 41. Na5 e3 42. Nb7 Re5 43. f4 Rh5 44. Rb5 Ng4 45. Rxc5 Rh2+ 46. Kf3 f5 47. Rc7+ Kh6 0-1


[Site "https://www.chess.com"]

[Event "Titled Tuesday Blitz April 11 Early 2023"]
[White "Nguyen, Ngoc Truong Son"]
[Black "benny_aizenberg"]
[WhiteFideId "12401110"]
[WhiteElo "2556"]
[BlackElo "2626"]
[Result "1-0"]
[Round "02"]
[TimeControl "180+2"]
[Date "2023.04.11"]
[WhiteClock "0:00:35"]
[BlackClock "0:00:03"]

1. d4 Nf6 2. c4 e6 3. Nc3 d5 4. cxd5 exd5 5. Bg5 c6 6. e3 Bf5 7. Qf3 Bg6 8. Bxf6 Qxf6 9. Qxf6 gxf6 10. Nf3 Nd7 11. Nh4 a5 12. f4 f5 13. Bd3 Nf6 14. Bxf5 Be7 15. Bxg6 hxg6 16. Nf3 c5 17. O-O-O c4 18. Rhe1 Bb4 19. h3 Ke7 20. Nd2 Rh4 21. e4 Bxc3 22. bxc3 Rxf4 23. exd5+ Kd7 24. Nxc4 Nxd5 25. Re5 Nxc3 26. Rde1 Ra6 27. Kb2 Na4+ 28. Kb3 Nb6 29. Re7+ Kc6 30. Ne5+ Kb5 31. Rxb7 a4+ 32. Kc3 Ka5 33. Rb1 Nd5+ 34. Kd3 Rb6 35. Ra7+ Ra6 36. Nc4# 1-0


[Site "https://www.chess.com"]

[Event "Titled Tuesday Blitz April 11 Early 2023"]
[White "Williams, Simon K"]
[Black "Steinberg, Nitzan"]
[WhiteFideId "404454"]
[BlackFideId "2801795"]
[WhiteElo "2468"]
[BlackElo "2486"]
[Result "1-0"]
[Round "02"]
[TimeControl "180+2"]
[Date "2023.04.11"]
[WhiteClock "0:00:20"]
[BlackClock "0:00:04"]

1. d4 Nf6 2. c4 e6 3. Nf3 d5 4. Nc3 Bb4 5. Qc2 O-O 6. Bg5 Nbd7 7. e3 c5 8. cxd5 exd5 9. Bd3 h6 10. Bh4 Qa5 11. O-O Bxc3 12. bxc3 c4 13. Bf5 Re8 14. Nd2 Qa6 15. a4 Nf8 16. Rfb1 N8h7 17. Rb5 Qc6 18. Rc5 Bxf5 19. Qxf5 Qe6 20. Qxe6 Rxe6 21. Rb1 b6 22. Rc7 g5 23. Bg3 Nf8 24. h4 Ne8 25. Rb7 Rc6 26. hxg5 hxg5 27. e4 Nf6 28. Rb5 dxe4 29. Rxg5+ Ng6 30. Be5 Nh7 31. Rh5 a6 32. Nxe4 Re8 33. g3 Rce6 34. Rxh7 Kxh7 35. Ng5+ Kh6 36. Nxe6 Rxe6 37. Rxf7 b5 38. axb5 axb5 39. f4 b4 40. cxb4 Ra6 41. Rc7 Ra3 42. Kg2 c3 43. b5 Ra2+ 44. Kf3 c2 45. b6 Ne7 46. Ke4 Kg6 47. b7 Rb2 48. Rxc2 Rxb7 49. Rc7 Rxc7 50. Bxc7 Kf7 51. g4 Ke6 52. Be5 Kd7 53. d5 Nc8 54. f5 Nb6 55. g5 Nc4 56. g6 Ke7 57. f6+ Kf8 58. d6 Ke8 59. f7+ Kf8 60. d7 1-0


[Site "https://www.chess.com"]

[Event "Titled Tuesday Blitz April 11 Early 2023"]
[White "Indjic, Aleksandar"]
[Black "Safin, Robert"]
[WhiteFideId "911925"]
[BlackFideId "34189120"]
[WhiteElo "2614"]
[BlackElo "2245"]
[Result "1-0"]
[Round "02"]
[TimeControl "180+2"]
[Date "2023.04.11"]
[WhiteClock "0:02:49"]
[BlackClock "0:00:14"]

1. d4 Nf6 2. Nf3 e6 3. Bg5 c5 4. d5 h6 5. Bxf6 Qxf6 6. Nc3 d6 7. e4 e5 8. Bb5+ Nd7 9. a4 h5 10. h4 g6 11. Nd2 a6 12. Bd3 Bh6 13. Nc4 Ke7 14. a5 Rb8 15. Na4 Nf8 16. b4 cxb4 17. Rb1 Bd7 18. Nab6 Bb5 19. Rxb4 1-0


[Site "https://www.chess.com"]

[Event "Titled Tuesday Blitz April 11 Early 2023"]
[White "Leiva, Gianmarco"]
[Black "Demchenko, Anton"]
[WhiteFideId "3804399"]
[BlackFideId "4160258"]
[WhiteElo "2345"]
[BlackElo "2545"]
[Result "0-1"]
[Round "02"]
[TimeControl "180+2"]
[Date "2023.04.11"]
[WhiteClock "0:00:01"]
[BlackClock "0:00:10"]

1. e4 e5 2. Nf3 Nc6 3. Bc4 Nf6 4. d3 h6 5. a4 d6 6. a5 a6 7. Nc3 g6 8. h3 Bg7 9. O-O O-O 10. Be3 Be6 11. Re1 Qd7 12. Bxe6 fxe6 13. d4 exd4 14. Nxd4 Ne5 15. b3 g5 16. Qe2 Qf7 17. Rad1 Rae8 18. Nf3 Nh5 19. Nxe5 Bxe5 20. Bd4 Nf4 21. Qg4 Qg6 22. Bxe5 h5 23. Qg3 dxe5 24. Rd7 Rf7 25. Red1 Ref8 26. Qe3 g4 27. h4 Qf6 28. Qc5 Qxh4 29. Rxf7 Rxf7 30. Qxe5 g3 31. fxg3 Qxg3 32. Rd8+ Rf8 33. Rxf8+ Kxf8 34. Kf1 h4 35. Qh8+ Ke7 36. Qe5 Qxg2+ 37. Ke1 Qg3+ 0-1


[Site "https://www.chess.com"]

[Event "Titled Tuesday Blitz April 11 Early 2023"]
[White "Xiong, Jeffery"]
[Black "Vlassov, Nikolai"]
[WhiteFideId "2047640"]
[BlackFideId "4103360"]
[WhiteElo "2726"]
[BlackElo "2324"]
[Result "1-0"]
[Round "02"]
[TimeControl "180+2"]
[Date "2023.04.11"]
[WhiteClock "0:01:16"]
[BlackClock "0:00:03"]

1. e4 Nc6 2. Nf3 d5 3. exd5 Qxd5 4. Nc3 Qa5 5. d4 Bg4 6. Bb5 O-O-O 7. Bxc6 bxc6 8. h3 Qh5 9. Qd3 Bxf3 10. gxf3 e6 11. Qa6+ Kd7 12. Qe2 Bb4 13. Bd2 Ne7 14. Ne4 Bxd2+ 15. Nxd2 Rb8 16. Nb3 Rhd8 17. O-O-O Ke8 18. Rhg1 Ng6 19. Qe4 Qxh3 20. Rh1 Qf5 21. Qxc6+ Kf8 22. Rxh7 Kg8 23. Rdh1 a5 24. Qe4 a4 25. Qxf5 exf5 26. Na5 Rxd4 27. Nc6 Rbd8 28. Nxd8 Rxd8 29. R7h5 Rd5 30. Rd1 Re5 31. Rd4 f6 32. Rxa4 Re2 33. Rh2 Ne5 34. Ra3 Nc4 35. Rd3 Re1+ 36. Rd1 Re2 37. b3 Na3 38. Rd2 Re1+ 39. Kb2 Nb5 40. a4 1-0


[Site "https://www.chess.com"]

[Event "Titled Tuesday Blitz April 11 Early 2023"]
[White "wqws"]
[Black "Grigoriants, Sergey"]
[BlackFideId "4130804"]
[WhiteElo "2613"]
[BlackElo "2502"]
[Result "0-1"]
[Round "02"]
[TimeControl "180+2"]
[Date "2023.04.11"]
[WhiteClock "0:00:07"]
[BlackClock "0:00:07"]

1. e4 c5 2. Nf3 Nc6 3. d4 cxd4 4. Nxd4 Nf6 5. Nc3 e5 6. Ndb5 d6 7. Bg5 a6 8. Na3 b5 9. Bxf6 gxf6 10. Nd5 f5 11. exf5 Bxf5 12. c3 Bg7 13. Nc2 O-O 14. Nce3 Be6 15. g4 Ne7 16. Bg2 Rb8 17. O-O Nxd5 18. Bxd5 Bh6 19. Kh1 Kh8 20. Nf5 Bf4 21. Qf3 Qg5 22. Rg1 Bxf5 23. gxf5 Qxf5 24. Rad1 Rg8 25. Be4 Qf6 26. Qh5 h6 27. Qf5 Rxg1+ 28. Rxg1 Qxf5 29. Bxf5 d5 30. Rd1 Rd8 31. Be4 d4 32. cxd4 exd4 33. Kg2 Kg7 34. h4 Kf6 35. Kf3 Be5 36. Rc1 d3 37. Rd1 d2 38. Ke2 Bf4 39. f3 a5 40. b3 Rc8 41. Rf1 Ke5 42. a4 b4 43. Bd3 Rc1 44. Rd1 Kd4 45. Bc4 f6 46. h5 Kc3 47. Bf7 f5 48. Be6 Kb2 49. Bd7 Kc3 50. Bxf5 Kd4 51. Be4 Kc3 52. Bd5 Kc2 53. Be4+ Kxb3 54. Bd3 Kc3 55. Bf5 b3 56. Bh7 b2 57. Bg6 Kb3 58. Bf7+ Kxa4 59. Ba2 Kb4 60. Bb1 a4 61. Bd3 a3 62. Bb1 Kc3 63. Ba2 Ra1 64. Bb1 Rxb1 65. Rxb1 a2 0-1


[Site "https://www.chess.com"]

[Event "Titled Tuesday Blitz April 11 Early 2023"]
[White "Terry, Renato"]
[Black "Kucuksari, Kaan"]
[WhiteFideId "3803457"]
[BlackFideId "6380166"]
[WhiteElo "2575"]
[BlackElo "2364"]
[Result "1-0"]
[Round "02"]
[TimeControl "180+2"]
[Date "2023.04.11"]
[WhiteClock "0:01:20"]
[BlackClock "0:00:14"]

1. e4 c5 2. Nf3 d6 3. Bb5+ Nd7 4. d4 cxd4 5. Qxd4 Nf6 6. Bg5 a6 7. Bxd7+ Bxd7 8. Nc3 Bc6 9. O-O-O Qa5 10. Rhe1 e5 11. Qd3 Be7 12. Bxf6 Bxf6 13. Kb1 O-O 14. Nd5 Bxd5 15. Qxd5 Qxd5 16. Rxd5 Be7 17. a4 Rac8 18. b3 f6 19. Nd2 Kf7 20. Nc4 Ke6 21. Red1 Rc6 22. Na5 Rc7 23. Nc4 Rc6 24. f3 f5 25. exf5+ Rxf5 26. R5d3 Rf8 27. Ne3 Rfc8 28. c4 Rb8 29. Nd5 Bd8 30. Nb4 Rb6 31. Nd5 Rc6 32. Ka2 Ba5 33. b4 Bd8 34. Kb3 b5 35. cxb5 axb5 36. a5 Bg5 37. Nc3 Be7 38. Rd5 Rbc8 39. Nxb5 Rc2 40. R5d2 R2c6 41. Rd3 g5 42. Na7 1-0


[Site "https://www.chess.com"]

[Event "Titled Tuesday Blitz April 11 Early 2023"]
[White "Poliakova, Varvara"]
[Black "Makarian, Rudik"]
[WhiteFideId "13518313"]
[BlackFideId "44105681"]
[WhiteElo "2075"]
[BlackElo "2430"]
[Result "1-0"]
[Round "02"]
[TimeControl "180+2"]
[Date "2023.04.11"]
[WhiteClock "0:00:44"]
[BlackClock "0:00:03"]

1. e4 c5 2. Nf3 Nc6 3. d4 cxd4 4. Nxd4 e6 5. Nc3 a6 6. Be3 Nf6 7. f3 Bb4 8. Nxc6 bxc6 9. Qd2 d5 10. a3 Be7 11. e5 Nd7 12. f4 O-O 13. Be2 c5 14. Bf2 Bb7 15. O-O Qc7 16. Bf3 g6 17. Ne2 d4 18. Qd3 Nb6 19. b3 a5 20. a4 Ba6 21. Qd2 Bb7 22. c3 Bxf3 23. gxf3 Rfd8 24. cxd4 cxd4 25. Rac1 Qb7 26. Kg2 d3 27. Nd4 Nd5 28. Kg3 Nb4 29. Rc4 Rac8 30. Rfc1 Rxc4 31. bxc4 Bc5 32. Nb5 Qb6 33. Bxc5 Qxc5 34. Nd6 Rb8 35. Rc3 Qc6 36. h4 h5 37. Ne4 Kg7 38. Nd6 Qxa4 39. Rc1 Qc6 40. Qe3 Ra8 41. Qd4 a4 42. f5 a3 43. f6+ Kh7 44. Nxf7 a2 45. Qf4 Kg8 46. Qh6 Kxf7 47. Qg7+ 1-0


[Site "https://www.chess.com"]

[Event "Titled Tuesday Blitz April 11 Early 2023"]
[White "Kollars, Dmitrij"]
[Black "Ambartsumova, Karina"]
[WhiteFideId "12909572"]
[BlackFideId "4166299"]
[WhiteElo "2584"]
[BlackElo "2240"]
[Result "1-0"]
[Round "02"]
[TimeControl "180+2"]
[Date "2023.04.11"]
[WhiteClock "0:00:16"]
[BlackClock "0:00:04"]

1. d4 Nf6 2. Nf3 d5 3. c3 e6 4. Bf4 Bd6 5. e3 O-O 6. Bd3 c5 7. Nbd2 Qc7 8. Ne5 b6 9. Qe2 Nbd7 10. Ndf3 Bb7 11. O-O Ne4 12. Rad1 f6 13. Nxd7 Qxd7 14. Bxd6 Qxd6 15. c4 Rad8 16. cxd5 Bxd5 17. dxc5 Qxc5 18. Nd4 Qe7 19. Bc4 Nc5 20. Bxd5 Rxd5 21. Nc6 Qd7 22. Rxd5 exd5 23. Nd4 Ne4 24. Rd1 Rd8 25. Qd3 h6 26. f3 Nc5 27. Qg6 Qf7 28. Qg4 Re8 29. Nf5 Kh8 30. Nd6 Qe7 31. Nxe8 Qxe3+ 32. Kh1 Qxe8 33. Qd4 Qe2 34. Qd2 Qc4 35. Qxd5 Qe2 36. Qd2 Qb5 37. b4 Na6 38. a3 Qa4 39. Qd3 b5 40. Rc1 Kg8 41. h4 Kf7 42. h5 1-0


[Site "https://www.chess.com"]

[Event "Titled Tuesday Blitz April 11 Early 2023"]
[White "Movahed, Sina"]
[Black "Skliarov, Viktor"]
[WhiteFideId "42520835"]
[BlackFideId "14106736"]
[WhiteElo "2225"]
[BlackElo "2317"]
[Result "1-0"]
[Round "02"]
[TimeControl "180+2"]
[Date "2023.04.11"]
[WhiteClock "0:02:00"]
[BlackClock "0:00:40"]

1. Nf3 g6 2. e4 c5 3. c3 Bg7 4. d4 cxd4 5. cxd4 d6 6. Nc3 Nf6 7. h3 O-O 8. Be2 Nc6 9. O-O e5 10. d5 Ne7 11. Be3 Nh5 12. Rc1 a6 13. Na4 Bd7 14. Nb6 Rb8 15. Qb3 Nf4 16. Rfe1 f5 17. Bxf4 exf4 18. e5 Bb5 19. exd6 Qxd6 20. Bxb5 axb5 21. Re6 Qd8 22. d6 Nc6 23. Re8+ 1-0


[Site "https://www.chess.com"]

[Event "Titled Tuesday Blitz April 11 Early 2023"]
[White "Zhigalko, Sergei"]
[Black "Wadsworth, Matthew J"]
[WhiteFideId "13502956"]
[BlackFideId "415804"]
[WhiteElo "2626"]
[BlackElo "2330"]
[Result "1-0"]
[Round "02"]
[TimeControl "180+2"]
[Date "2023.04.11"]
[WhiteClock "0:00:05"]
[BlackClock "0:00:07"]

1. e4 c5 2. Nf3 e6 3. c3 d5 4. e5 Nc6 5. d4 Qb6 6. Bd3 cxd4 7. O-O Bd7 8. Re1 Nge7 9. h4 h6 10. h5 Rc8 11. a3 a6 12. b4 dxc3 13. Nxc3 Nxb4 14. Na4 Bxa4 15. Qxa4+ Nbc6 16. Bd2 Rg8 17. Bh7 Rh8 18. Bd3 Rg8 19. Rab1 Qc7 20. Bh7 Rh8 21. Bd3 Rg8 22. Nh2 Qd7 23. Qb3 Nf5 24. Qxb7 Qxb7 25. Rxb7 Bxa3 26. Bxa6 Ra8 27. Bb5 Nd4 28. Bxc6+ Nxc6 29. Ra1 Nxe5 30. Bb4 Nc4 31. Bxa3 Nxa3 32. Nf3 Kd8 33. Ne5 Kc8 34. Rb3 f6 35. Ng6 Rd8 36. Rbxa3 Rxa3 37. Rxa3 Rd7 38. Ra8+ Kc7 39. Nf4 e5 40. Ne6+ Kd6 41. Ra6+ Ke7 42. Nxg7 d4 43. Nf5+ Kf7 44. Nxh6+ Kg7 45. Nf5+ Kf7 46. Kf1 d3 47. Rd6 1-0


[Site "https://www.chess.com"]

[Event "Titled Tuesday Blitz April 11 Early 2023"]
[White "Horobetz, Graham"]
[Black "Corrales Jimenez, Fidel"]
[WhiteFideId "2047322"]
[BlackFideId "3506690"]
[WhiteElo "2607"]
[BlackElo "2541"]
[Result "0-1"]
[Round "02"]
[TimeControl "180+2"]
[Date "2023.04.11"]
[WhiteClock "0:00:01"]
[BlackClock "0:01:54"]

1. e4 e6 2. d4 d5 3. Nd2 dxe4 4. Nxe4 Nd7 5. Bd3 Ndf6 6. Nxf6+ Nxf6 7. Nf3 Be7 8. O-O O-O 9. Qe2 b6 10. b3 Bb7 11. Bb2 Qd5 12. c4 Qh5 13. Ne5 Qxe2 14. Bxe2 Rfd8 15. Rad1 a5 16. a3 Bd6 17. f4 Be4 18. Bd3 Bxd3 19. Rxd3 Ne4 20. Re1 f5 21. g3 Bxe5 22. fxe5 a4 23. b4 c5 24. d5 exd5 25. cxd5 c4 26. Rdd1 c3 27. Rxe4 fxe4 28. Bxc3 Rac8 29. Be1 Re8 30. e6 Rcd8 31. b5 Rxe6 32. Bb4 Re5 33. d6 Rxb5 34. Kf2 Kf7 35. Ke3 Re5 36. Rc1 Ke6 37. Rc7 Rd7 38. Rc8 Kd5 39. Rb8 Rf5 40. Rxb6 Rf3+ 41. Ke2 Rb3 42. Rb5+ Kd4 43. Bc5+ Kc4 44. Ra5 Rb5 45. Rxb5 Kxb5 46. Bb4 Kc4 47. Ke3 Kd5 48. h4 h5 49. Kf4 Kd4 50. Kf5 Kd5 51. Kf4 g6 52. Kg5 e3 53. Kf4 e2 54. Kf3 Rxd6 55. Kxe2 Re6+ 56. Kf3 Re4 57. Bf8 Rc4 58. Ke3 Ke5 59. Bg7+ Kf5 60. Bf8 Rc3+ 61. Kf2 Ke4 62. Bd6 Rc2+ 63. Ke1 Kf3 64. Kd1 Rc6 65. Be5 Rc5 0-1


[Site "https://www.chess.com"]